 Dungeon Crawl Stone Soup version 0.31-a0-188-g5e087ee2ca (webtiles) character file.

Game seed: 5869512944891485373

200 qw the Skirmisher (level 5, -1/29 HPs)
             Began as a Deep Elf Hunter on June 23, 2023.
             Slain by an ufetubus (2 damage)
             ... on level 4 of the Dungeon.
             The game lasted 00:01:04 (2187 turns).

qw the Skirmisher (Deep Elf Hunter)                 Turns: 2187, Time: 00:01:05

Health: -1/29      AC:  8    Str: 10    XL:     5   Next: 49%
Magic:  7/7        EV: 11    Int: 14    God:
Gold:   118        SH:  0    Dex: 18    Spells: 4/4 levels left

rFire   . . .        Y - +0 shortbow
rCold   + . .        (shield currently unavailable)
rNeg    . . .        l - +2 ring mail {rC+}
rPois   .            (no helmet)
rElec   .            (no cloak)
rCorr   .            i - +0 pair of gloves
SInv    .            (no boots)
Will    .....        a - amulet of regeneration Stlth
                     (no ring)
HPRegen 1.04/turn    (no ring)
MPRegen 0.10/turn

%: no passive effects
@: confused, lethally poisoned (-1 -> -2)
A: no striking features
a: no special abilities


You were on level 4 of the Dungeon.
You visited 1 branch of the dungeon, and saw 4 of its levels.

You collected 118 gold pieces.


   Skills:
 + Level 1.6 Fighting
 - Level 9.0 Ranged Weapons
 - Level 2.4 Dodging
 - Level 1.2 Stealth


You had 4 spell levels left.
You didn't know any spells.
Your spell library was empty.

Inventory:

Hand Weapons
 Y - a +0 shortbow (weapon)
Armour
 i - a +0 pair of gloves (worn)
 l - a +2 ring mail of cold resistance (worn)
Jewellery
 a - an amulet of regeneration (around neck)
 e - a ring of fire
Scrolls
 c - a scroll of identify
 j - 2 scrolls of teleportation
Potions
 g - a potion of ambrosia {unknown}
 k - a potion of berserk rage {unknown}

Dungeon Overview and Level Annotations

Branches:
Dungeon (4/15)
 Temple: D:4-7

Altars:


Message History

The ufetubus barely misses you. The adder bites you but does no damage.
The ufetubus hits you but does no damage. x2
The orc hits you but does no damage.
The orc wizard hits you with a +0 dagger.
The orc priest closely misses you. Something hits you.
The adder bites you but does no damage. The ufetubus hits you.
The ufetubus closely misses you. The orc completely misses you.
The orc wizard points at you and mumbles some strange words.
You are more confused.
The orc priest looks encouraged for a moment.
Something hits you. The ufetubus closely misses you. x2
The adder bites you but does no damage. The ufetubus hits you.
The ufetubus hits you but does no damage.
The adder bites you.
You are poisoned.
The adder poisons you! The orc hits you but does no damage. Something hits you.
The orc priest closely misses you.
The orc wizard hits you with a +0 dagger.
The ufetubus hits you but does no damage.
The ufetubus closely misses you. The adder bites you but does no damage.
You feel sick. The orc barely misses you.
The orc wizard hits you with a +0 dagger.
Something hits you.
The ufetubus hits you but does no damage. x2
The adder bites you.
You feel sick. The ufetubus barely misses you.
The ufetubus completely misses you. The orc barely misses you.
Something hits you.
The orc priest hits you with a +0 dagger.
The orc wizard barely misses you. The adder barely misses you.
The ufetubus closely misses you.
The ufetubus hits you but does no damage.
You feel sick.
The orc hits you from afar with a +0 trident.
The adder misses you.
The orc wizard hits you but does no damage.
The orc priest barely misses you. Something hits you. The ufetubus hits you.
You die...

#####.........
##...#.........$
#...............
..#...............
................o
.......<.........
..........B.o#.
..##...#.oSo.#.##.
#.%##..@{B.....
.... #...5......
.##..#..#...$....
. ......#.8......
................
<.##........... .#
..##........ ##
.........


You could see an orc priest, an orc wizard (empowered), an adder, an orc, an
ufetubus and 2 giant cockroaches.

Vanquished Creatures
  Terence (D:2)
  2 orc wizards (D:3)
  4 gnolls (D:3)
  2 adders (D:2)
  A dart slug (D:2)
  7 orcs (D:3)
  3 ball pythons
  3 bats
  4 endoplasms
  2 giant cockroaches
  5 goblins
  9 hobgoblins
  4 kobolds
  3 quokkas
  7 rats
57 creatures vanquished.

Notes
Turn   | Place    | Note
-------+----------+-------------------------------------------
     0 | D:1      | qw the Deep Elf Hunter began the quest for the Orb.
     0 | D:1      | Reached XP level 1. HP: 12/12 MP: 3/3
     0 | D:1      | 0 ||| qw: Version: 0.3-a-9-g12657ce
     0 | D:1      | 0 ||| qw: Game counter: 4099
     0 | D:1      | 0 ||| qw: Always use a shield: true
     0 | D:1      | 0 ||| qw: God list: Okawaru
     0 | D:1      | 0 ||| qw: Allow faded altars: false
     0 | D:1      | 0 ||| qw: Do Orc after D:15 true
     0 | D:1      | 0 ||| qw: Do second Lair branch before Depths: true
     0 | D:1      | 0 ||| qw: Lair rune preference: random
     0 | D:1      | 0 ||| qw: Plans: Normal
     0 | D:1      | 0 ||| PLANNING D:1-11
   142 | D:1      | Reached XP level 2. HP: 16/16 MP: 4/4
   156 | D:1      | Reached skill level 6 in Ranged Weapons
   722 | D:1      | 722 ||| READING scroll labelled PIRACES LIYL.
   723 | D:1      | 723 ||| READING scroll labelled GYRENGECOTO.
   753 | D:1      | 753 ||| DROPPING scroll of butterflies.
   792 | D:2      | Reached XP level 3. HP: 20/20 MP: 5/5
   797 | D:2      | Found the +5 robe of Misfortune {Harm *Corrode *Slow EV+5}
   916 | D:2      | Reached skill level 7 in Ranged Weapons
   929 | D:2      | Noticed Terence
   946 | D:2      | Killed Terence
   947 | D:2      | Reached XP level 4. HP: 12/25 MP: 6/6
   987 | D:2      | 987 ||| FLEEEEING.
   988 | D:2      | 988 ||| FLEEEEING.
  1019 | D:2      | 1019 ||| FLEEEEING.
  1020 | D:2      | 1020 ||| FLEEEEING.
  1021 | D:2      | 1021 ||| FLEEEEING.
  1022 | D:2      | 1022 ||| FLEEEEING.
  1023 | D:2      | 1023 ||| FLEEEEING.
  1024 | D:2      | 1024 ||| FLEEEEING.
  1030 | D:2      | 1030 ||| FLEEEEING.
  1031 | D:2      | 1031 ||| FLEEEEING.
  1032 | D:2      | 1032 ||| FLEEEEING.
  1033 | D:2      | 1033 ||| FLEEEEING.
  1034 | D:2      | 1034 ||| FLEEEEING.
  1035 | D:2      | 1035 ||| FLEEEEING.
  1036 | D:2      | 1036 ||| FLEEEEING.
  1037 | D:2      | 1037 ||| STAIRDANCE
  1087 | D:1      | 1087 ||| UPGRADING to +0 ring mail.
  1097 | D:1      | 1097 ||| DROPPING +0 leather armour.
  1098 | D:1      | 1098 ||| DROPPING +5 robe of Misfortune {Harm *Corrode
                  | *Slow EV+5}.
  1099 | D:1      | 1099 ||| UPGRADING to +0 pair of gloves.
  1104 | D:1      | 1104 ||| UPGRADING to +2 ring mail of cold resistance.
  1114 | D:1      | 1114 ||| DROPPING +0 ring mail.
  1115 | D:1      | 1115 ||| UPGRADING to amulet of regeneration.
  1120 | D:1      | 1120 ||| READING 2 scrolls labelled SIES IR HASAI.
  1125 | D:1      | 1125 ||| READING scroll labelled EWE VOUNUEVE.
  1126 | D:1      | 1126 ||| DRINKING 2 coppery potions.
  1148 | D:2      | 1148 ||| STAIRDANCE
  1305 | D:2      | 1305 ||| READING 2 scrolls labelled OFAT ONUAPNEPO.
  1440 | D:3      | Reached skill level 8 in Ranged Weapons
  1445 | D:3      | 1445 ||| FLEEEEING.
  1446 | D:3      | 1446 ||| FLEEEEING.
  1484 | D:3      | Reached XP level 5. HP: 29/29 MP: 7/7
  2010 | D:3      | 2010 ||| FLEEEEING.
  2015 | D:3      | 2015 ||| DRINKING potion of curing.
  2015 | D:3      | 2015 ||| (to cure confusion)
  2017 | D:3      | 2017 ||| FLEEEEING.
  2018 | D:3      | 2018 ||| FLEEEEING.
  2019 | D:3      | 2019 ||| FLEEEEING.
  2022 | D:3      | 2022 ||| FLEEEEING.
  2023 | D:3      | 2023 ||| FLEEEEING.
  2024 | D:3      | 2024 ||| FLEEEEING.
  2025 | D:3      | 2025 ||| FLEEEEING.
  2027 | D:3      | 2027 ||| FLEEEEING.
  2028 | D:3      | 2028 ||| FLEEEEING.
  2029 | D:3      | 2029 ||| FLEEEEING.
  2030 | D:3      | 2030 ||| FLEEEEING.
  2031 | D:3      | 2031 ||| FLEEEEING.
  2038 | D:3      | 2038 ||| FLEEEEING.
  2039 | D:3      | 2039 ||| FLEEEEING.
  2065 | D:3      | Reached skill level 9 in Ranged Weapons
  2102 | D:3      | 2102 ||| READING scroll labelled BANUSTUMURGH.
  2103 | D:3      | 2103 ||| READING scroll labelled MAEJUPL UHUFF.
  2104 | D:3      | 2104 ||| READING scroll labelled AXOSOI BYNIG.
  2105 | D:3      | 2105 ||| READING 2 scrolls of identify.
  2105 | D:3      | 2105 ||| IDENTIFYING blue potion
  2150 | D:4      | 2150 ||| PLANNING OSSUARY
  2176 | D:4      | HP: 7/29 [orc/+0 trident (2)]
  2177 | D:4      | 2177 ||| DRINKING potion of heal wounds.
  2186 | D:4      | HP: 6/29 [orc priest/+0 dagger (3)]
  2187 | D:4      | HP: 1/29 [something (2)]
  2187 | D:4      | Slain by an ufetubus

Levels and vault maps discovered:
D:1:      dpeg_arrival_chambers_temple_mockup, layout_basic
D:2:      layout_rooms, ebering_dispersal_statue_hall, uniq_terence
D:3:      layout_loops_ring
D:4:      minmay_wonky_spiral, layout_cave_pools, serial_column_ruins,
          column_ruins_grid_1, column_ruins_corridor_corner,
          column_ruins_open_large, column_ruins_grid_1, column_ruins_open_tiny,
          column_ruins_columns_corner, enter_ossuary_4

Skill      XL: |  1  2  3  4  5 |
---------------+----------------+-----
Ranged Weapons | 6 7 8 9 |  9.0
Fighting       | |  1.6
Dodging        | |  2.4
Stealth        | |  1.2

Action                     |  1- 3 |  4- 6 || total
---------------------------+-------+-------++-------
   Fire: Shortbow          |    86 |   126 ||   212
    Use: Scroll            |     2 |     7 ||     9
         Potion            |       |     3 ||     3
 Armour: Leather armour    |     2 |       ||     2
         Ring mail         |       |    68 ||    68
  Dodge: Dodged            |    14 |    85 ||    99

Table legend:
 A = Non-vault XP
 B = Vault XP
 C = Vault XP percentage of total XP
 D = Non-vault monster count
 E = Vault monster count
 F = Vault count percentage of total count
                 A         B        C        D         E       F
            +---------+---------+-------+---------+---------+-------
      Total |     249 |      38 |  13.2 |      56 |       1 |   1.8
            +---------+---------+-------+---------+---------+-------
        D:1 |      29 |       0 |   0.0 |      16 |       0 |   0.0
        D:2 |      51 |      38 |  42.7 |      16 |       1 |   5.9
        D:3 |     165 |       0 |   0.0 |      22 |       0 |   0.0
        D:4 |       4 |       0 |   0.0 |       2 |       0 |   0.0
            +---------+---------+-------+---------+---------+-------
